 Dungeon Crawl Stone Soup version 0.26-a0-651-gb41185065b (webtiles) character file.

Game seed: 12101072260828071001

25 Flugslaktarn the Covered (level 2, -4/28 HPs)
             Began as a Deep Dwarf Fighter on Oct 14, 2020.
             Killed from afar by Ijyb (21 damage)
             ... with a bolt of acid
             ... on level 3 of the Dungeon.
             The game lasted 00:00:15 (270 turns).

Flugslaktarn the Covered (Deep Dwarf Fighter)        Turns: 270, Time: 00:00:16

Health: -4/28      AC:  6    Str: 19    XL:     2   Next: 86%
Magic:  2/2        EV:  7    Int:  8    God:
Gold:   50         SH:  9    Dex: 12    Spells: 1/1 levels left

rFire    . . .     SeeInvis .   a - +0 war axe
rCold    . . .     Faith    .   c - +0 kite shield
rNeg     + . .     Spirit   .   b - +0 scale mail
rPois    .         Reflect  .   (no helmet)
rElec    .         Harm     .   (no cloak)
rCorr    .         Rampage  .   (no gloves)
MR       .....                  (no boots)
Stlth    ..........             (no amulet)
HPRegen  0.00/turn              e - ring of positive energy
MPRegen  0.08/turn              (no ring)

@: lethally poisoned (-4 -> -4), non-regenerating
A: damage resistance, heal wounds, sense surroundings 1, no regeneration
a: Heal Wounds


You were on level 3 of the Dungeon.
You visited 1 branch of the dungeon, and saw 3 of its levels.

You collected 50 gold pieces.

Inventory:

Hand Weapons
 a - a +0 war axe (weapon)
Armour
 b - a +0 scale mail (worn)
 c - a +0 kite shield (worn)
Jewellery
 e - a ring of positive energy (left hand)
   (You found it on level 1 of the Dungeon)
Scrolls
 f - 3 scrolls of identify {unknown}
Potions
 d - a potion of might


   Skills:
 * Level 3.1 Fighting
 * Level 2.8 Axes
 + Level 3.5 Armour
 + Level 3.5 Shields


You had one spell level left.
You didn't know any spells.
Your spell library was empty.

Dungeon Overview and Level Annotations

Branches:
Dungeon (3/15)

Altars:

Annotations:
D:3 Ijyb


Innate Abilities, Weirdness & Mutations

You are resistant to damage.
You can heal yourself by infusing magical energy.
You passively map a small area around you.
You do not regenerate.


Message History

The adder poisons you!
You hit the adder.
You kill the adder!
You hit Ijyb but do no damage.
Ijyb zaps a wand.
The bolt of acid misses you. Ijyb closely misses you.
You hit Ijyb.
Ijyb is lightly wounded.
Ijyb hits you but does no damage.
You hit Ijyb.
Ijyb is moderately wounded.
Ijyb hits you but does no damage.
You closely miss Ijyb.
Ijyb is moderately wounded.
You block Ijyb's attack. Ijyb hits you with a +0 club.
You hit Ijyb.
Ijyb is heavily wounded.
Ijyb screams, "I no like you!"
Ijyb zaps a wand.
The bolt of acid hits you!!
Ouch! That really hurt!
You die...

*,, #.* * , *
, ,#. .# ,, ,,
#.######.#
,#......#.# ,,
#..###.#.# *
,,#..<##.#.# ,
#...##(#.# *
,,#...##.#.###
,
,#...##.@...#
+###..###g#.#
* , ... , ...
, * , , .#..
.#.#* * ,, .
#. ..... *, ,
.# #.# *, .#
+# * * .. , ,
, ,, , ,


You could see Ijyb.

Vanquished Creatures
  An adder (D:3)
  An orc (D:3)
  A giant cockroach (D:2)
  2 goblins (D:1)
  A hobgoblin (D:1)
  2 jackals (D:2)
  2 kobolds
  A quokka (D:2)
  A bat (D:1)
  A frilled lizard (D:2)
  2 rats
15 creatures vanquished.

Notes
Turn   | Place    | Note
-------+----------+-------------------------------------------
     0 | D:1      | Flugslaktarn the Deep Dwarf Fighter began the quest for the
                  | Orb.
     0 | D:1      | Reached XP level 1. HP: 20/20 MP: 1/1
   123 | D:2      | Reached XP level 2. HP: 22/27 MP: 2/2
   255 | D:3      | Noticed Ijyb
   270 | D:3      | Killed from afar by Ijyb

Illustrated notes

Levels and vault maps discovered:
D:1:      tarquinn_simple_flora_water_f, layout_rooms
D:2:      layout_loops_ring, hangedman_decor_points, minmay_quadrilaterals
D:3:      layout_basic, portal_sewer_entry_a, uniq_ijyb

Skill      XL: |  1  2 |
---------------+-------+-----
Fighting       | 3 |  3.1
Axes           | |  2.8
Armour         | |  3.5
Shields        | |  3.5

Action                   || total
-------------------------++-------
Melee: War axe           ||    50
Armor: Scale mail        ||    22
Dodge: Dodged            ||    12
Block: Kite shield       ||    31

Table legend: (Time is in decaauts)
 A = Elapsed time spent in this place.
 B = Non-inter-level travel time spent in this place.
 C = Inter-level travel time spent in this place.
 D = Time resting spent in this place.
 E = Time spent auto-exploring this place.
 F = Levels seen in this place.
 G = Mean time per level.
                   A        B        C        D        E       F      G
               +--------+--------+--------+--------+--------+-----+--------+
         Total |    291 |    273 |     18 |      0 |    153 |   3 |   97.0 |
       Dungeon |    291 |    273 |     18 |      0 |    153 |   3 |   97.0 |
               +--------+--------+--------+--------+--------+-----+--------+

Top non-repeatable levels by time:
     D:2: 156 daAuts
     D:1: 107 daAuts
     D:3: 28 daAuts
